 Dungeon Crawl Stone Soup version 0.31-a0-232-gb1c03b2570 (webtiles) character file.

Game seed: 16788622206148891109

199 Newt the Shooter (level 6, -6/40 HPs)
             Began as a Kobold Hunter on July 7, 2023.
             Mangled by a hornet (15 damage)
             ... on level 4 of the Dungeon.
             The game lasted 00:02:46 (2815 turns).

Newt the Shooter (Kobold Hunter)                    Turns: 2815, Time: 00:02:46

Health: -6/40      AC:  4    Str:  8    XL:     6   Next: 6%
Magic:  6/6        EV: 14    Int: 10    God:
Gold:   190        SH:  0    Dex: 21    Spells: 5/5 levels left

rFire   . . .        a - +0 shortbow
rCold   . . .        (shield currently unavailable)
rNeg    . . .        c - +0 leather armour
rPois   .            p - +0 helmet
rElec   .            (no cloak)
rCorr   .            (no gloves)
SInv    .            (no boots)
Will    +....        m - amulet of magic regeneration
Stlth   +++          o - ring of willpower
HPRegen 0.26/turn    (no ring)
MPRegen 0.50/turn

%: no passive effects
@: lethally poisoned (-6 -> -15), slowed, very slow
A: small, no large weapons, nightstalker 3
a: no special abilities


You were on level 4 of the Dungeon.
You visited 1 branch of the dungeon, and saw 4 of its levels.

You collected 190 gold pieces.

Inventory:

Hand Weapons
 a - a +0 shortbow (weapon)
Armour
 c - a +0 leather armour (worn)
 p - a +0 helmet (worn)
Jewellery
 m - an amulet of magic regeneration (around neck)
 o - a ring of willpower (left hand)
Wands
 n - a wand of roots (6)
Scrolls
 b - a scroll of butterflies
 d - 2 scrolls of teleportation
 e - 2 scrolls of enchant armour
 h - 2 scrolls of vulnerability
 i - 2 scrolls of revelation
Potions
 f - a potion of mutation
 g - 2 potions of haste
 j - a potion of heal wounds
 k - a potion of degeneration
 r - a potion of cancellation {unknown}


   Skills:
 - Level 5.0 Fighting
 * Level 7.1 Ranged Weapons
 - Level 2.4 Dodging
 - Level 1.3 Stealth


You had 5 spell levels left.
You didn't know any spells.
Your spell library was empty.

Dungeon Overview and Level Annotations

Branches:
Dungeon (4/15)
 Temple: D:4-7

Altars:
Dithmenos
Gozag
Kikubaaqudgha
Zin
The Shining One

Shops:
D:1 (


Innate Abilities, Weirdness & Mutations

You are small and have problems with some larger weapons.
You are completely attuned to the shadows.


Message History

The hornet buzzes angrily.
Fire: a) +0 shortbow
Press: ? - help, Shift-Dir - straight line, f - hornet
Aim: a hornet (wandering, unable to see you, hasn't noticed you, 55% to hit)
You shoot an arrow. The arrow completely misses the hornet.
The hornet stings you!
You feel yourself slow down.
Unknown command.
Unknown command.
Fire: a) +0 shortbow
Press: ? - help, Shift-Dir - straight line, f/p - hornet
Aim: a hornet (unable to see you, 55% to hit)
You shoot an arrow. The arrow hits the hornet.
The hornet is lightly wounded.
You flicker for a moment.
The hornet stings you.
You are poisoned.
You feel as though you will be slow longer.
The hornet barely misses you. The hobgoblin misses you. The hornet stings you!
* * * LOW HITPOINT WARNING * * *
You feel as though you will be slow longer.
The hobgoblin misses you.
You feel much better.
You feel very sick. The hornet closely misses you.
The hobgoblin closely misses you. The hornet closely misses you.
You feel very sick.
You flicker back into view.
You feel sick. The hornet closely misses you.
You shoot an arrow. The arrow misses the hornet.
The arrow barely misses the hobgoblin.
You feel sick.
The hornet closely misses you. x2; The hornet stings you!
You are lethally poisoned!
You feel as though you will be slow longer.
The hobgoblin hits you but does no damage.
You shoot an arrow. The arrow hits the hornet.
The hornet is lightly wounded.
* * * LOW HITPOINT WARNING * * *
You feel very sick. The hornet barely misses you. The hornet stings you!
You die...

#####.............#
#........##.....#.##
#.###.#####........#####
#.# #.# #.............
..###.# #........#....
......# #........#.##.
..#### .#.###)##.# #.#
#.###g##.## ..#
....@y...$. ...
..#.##...## ... #.#.#
.##. #..$# #. ...##


You could see a hornet and a hobgoblin.

Vanquished Creatures
  An orc priest (D:3)
  Jessica (D:3)
  An orc wizard (D:2)
  4 adders
  A worm (D:2)
  10 orcs
  7 ball pythons
  4 endoplasms
  5 giant cockroaches
  3 goblins
  4 hobgoblins
  3 jackals (D:2)
  7 kobolds
  3 quokkas (D:2)
  5 bats
  2 frilled lizards
  7 rats
68 creatures vanquished.

Notes
Turn   | Place    | Note
-------+----------+-------------------------------------------
     0 | D:1      | Newt the Kobold Hunter began the quest for the Orb.
     0 | D:1      | Reached XP level 1. HP: 12/12 MP: 1/1
   118 | D:1      | Found Epnaca's Antique Weapon Shop.
   190 | D:1      | Reached XP level 2. HP: 18/18 MP: 2/2
  1317 | D:2      | Reached XP level 3. HP: 24/24 MP: 3/3
  1377 | D:2      | Reached XP level 4. HP: 14/30 MP: 4/4
  1841 | D:2      | Reached skill level 5 in Fighting
  1977 | D:2      | Reached XP level 5. HP: 32/35 MP: 5/5
  2188 | D:3      | You fall into a shaft and drop 1 floor!
  2244 | D:4      | Reached skill level 6 in Ranged Weapons
  2355 | D:3      | Noticed Jessica
  2357 | D:3      | Killed Jessica
  2524 | D:3      | Found an ancient bone altar of Kikubaaqudgha.
  2546 | D:3      | Found a shadowy altar of Dithmenos.
  2549 | D:3      | Found a glowing silver altar of Zin.
  2555 | D:3      | Found a glowing golden altar of the Shining One.
  2558 | D:3      | Found an opulent altar of Gozag.
  2576 | D:3      | Reached skill level 7 in Ranged Weapons
  2587 | D:3      | Reached XP level 6. HP: 40/40 MP: 6/6
  2794 | D:4      | Noticed a hornet
  2815 | D:4      | Mangled by a hornet

Illustrated notes

Levels and vault maps discovered:
D:1:      lightli_arrival_windingriver, layout_basic, serial_bayou,
          serial_bayou_crossing, serial_bayou_pond_a, serial_bayou_pond_d,
          serial_bayou_shore_b, serial_shops, shop, minmay_tromino_mix6
D:2:      layout_loops_ring, kennysheep_generic_room_12
D:3:      layout_basic, nicolae_overflow_hallway_of_the_gods,
          hangedman_decor_growths, uniq_jessica
D:4:      layout_loops_ring, nicolae_hepliaklqana_hippocampus,
          ebering_ghost_rock_garden

Skill      XL: |  1  2  3  4  5 |
---------------+----------------+-----
Fighting       | 3 4 5 |  5.0
Ranged Weapons | 7 |  7.1
Dodging        | |  2.4
Stealth        | |  1.3

Action                     |  1- 3 |  4- 6 || total
---------------------------+-------+-------++-------
   Fire: Shortbow          |    43 |   143 ||   186
    Use: Scroll            |     8 |     2 ||    10
         Potion            |       |     3 ||     3
 Armour: Leather armour    |     3 |     7 ||    10
  Dodge: Dodged            |     4 |    37 ||    41

Table legend: (Time is in decaauts)
 A = Elapsed time spent in this place.
 B = Non-inter-level travel time spent in this place.
 C = Inter-level travel time spent in this place.
 D = Time resting spent in this place.
 E = Time spent auto-exploring this place.
 F = Levels seen in this place.
 G = Mean time per level.
                   A        B        C        D        E       F      G
               +--------+--------+--------+--------+--------+-----+--------+
         Total |   2867 |   2739 |    128 |    147 |   2221 |   4 |  716.8 |
       Dungeon |   2867 |   2739 |    128 |    147 |   2221 |   4 |  716.8 |
               +--------+--------+--------+--------+--------+-----+--------+

Top non-repeatable levels by time:
     D:1: 1241 daAuts
     D:2: 845 daAuts
     D:3: 662 daAuts
     D:4: 117 daAuts
